AoeStats
← Bruvshire

Nomad

514166301Analyzed
4v4 RM · 2d ago on Oct 17, 2026· 37m 37s· 8 players
Game mode
Random Map
Map size
231×231
Population
200
Speed
Normal
Resources
Standard
Victory
Conquest
Starting age
Dark Age
Ending age
Imperial Age
RankedLock teamsTeams togetherTeam positionsShared explorationLock speedFull tech treeHidden civsTurbo modeCheats
Victory
Defeat
🇬🇧 Vietnamese · United Kingdom
1075
+13
🇨🇳 Huns · China
1014
+15
🇬🇧 Burgundians · United Kingdom
978
+17
🇯🇵 Turks · Japan
952
+18
vs
🇦🇷 Japanese · Argentina
1061
-18
🇬🇧 Italians · United Kingdom
997
-16
🇲🇽 Mongols · Mexico
970
-15
🇨🇴 Portuguese · Colombia
959
-14
supjason
6:06 Loom
15:14 Feudal Age
13:56 Double-Bit Axe
17:25 Fishing Lines
20:49 Castle Age
20:46 Forging
20:44 Scale Barding Armor
31:16 Chain Barding Armor
31:32 Iron Casting
32:39 Cavalier
33:27 Husbandry
36:13 Imperial Age
Bruvshire
5:00 Loom
14:06 Feudal Age
16:03 Double-Bit Axe
29:36 Castle Age
27:55 Fletching
29:41 Crossbowman
30:58 Fishing Lines
31:23 Bodkin Arrow
32:44 Medium Warships
33:22 Wheelbarrow
34:02 Padded Archer Armor
RuinMireia
8:12 Loom
14:03 Feudal Age
19:29 Castle Age
18:55 Fishing Lines
20:24 Double-Bit Axe
21:38 Scale Barding Armor
24:26 Fletching
24:26 Horse Collar
24:56 Bow Saw
40:27 Imperial Age
赛安尼
15:15 Feudal Age
16:48 Gold Mining
16:48 Double-Bit Axe
17:56 Loom
18:19 Fishing Lines
37:32 Stone Mining
39:55 Castle Age
eduhaas
13:39 Feudal Age
12:52 Loom
17:27 Castle Age
15:58 Stone Mining
15:56 Double-Bit Axe
15:58 Fishing Lines
18:09 Gillnets
20:28 Gold Mining
21:41 Gold Shaft Mining
24:10 Padded Archer Armor
24:01 Fletching
24:28 Horse Collar
25:01 Bow Saw
27:28 Bodkin Arrow
28:52 Leather Archer Armor
33:26 Wheelbarrow
40:34 Imperial Age
Tutmosis
22:23 Feudal Age
27:58 Castle Age
26:14 Fishing Lines
27:48 Wheelbarrow
27:05 Gold Mining
Olly
12:49 Loom
17:16 Feudal Age
17:43 Double-Bit Axe
17:44 Fishing Lines
20:56 Gold Mining
23:08 Castle Age
22:24 Horse Collar
23:16 Pikeman
24:25 Scale Mail Armor
26:37 Wheelbarrow
25:49 Town Watch
27:49 Fletching
27:59 Padded Archer Armor
27:23 Crossbowman
28:17 Heavy Plow
30:09 Bow Saw
37:08 Stone Mining
37:46 Hand Cart
37:32 Town Patrol
37:34 Gillnets
38:10 Medium Warships
BITCOIN_
5:56 Loom
15:55 Feudal Age
16:25 Horse Collar
16:29 Man-at-Arms
17:29 Arson
19:20 Town Watch
24:04 Wheelbarrow
27:09 Castle Age
26:39 Double-Bit Axe
28:28 Long Swordsman
34:39 Gold Mining
35:58 Heavy Plow
Connection lost

Rejoining the realm…

Still unreachable

The connection could not be restored.

Session expired

The server has moved on; the page needs a fresh start.